TOP OF THE 1ST |
---|
Vista Panthers batting - Pitching for Chicago Machine : RHP Rod Day | Pitching: RHP Rod Day | | Batting: LHB Ramiro Martínez | 0-0: Called Strike 0-1: Called Strike 0-2: Ball 1-2: Fly out, F7 (Flyball, 7) | Batting: RHB Carlos García | 0-0: Ball 1-0: Called Strike 1-1: Called Strike 1-2: Fly out, F9 (Flyball, 9LM) | Batting: LHB Dante Owens | 0-0: SINGLE (Flyball, 8LS) | Batting: SHB Juan Castro | 0-0: Ball 1-0: Ball 2-0: Called Strike 2-1: Ball Dante Owens is caught stealing 2nd base | Top of the 1st over - 0 runs, 1 hit, 0 errors, 0 left on base; Vista 0 - Chicago 0 | BOTTOM OF THE 1ST |
---|
Chicago Machine batting - Pitching for Vista Panthers : LHP José Hidalgo | Pitching: LHP José Hidalgo | | Batting: RHB Nick Harris | 0-0: Ball 1-0: Ground out 5-3 (Groundball, 56) | Batting: RHB Will Lott | 0-0: Ball 1-0: Ball 2-0: Ball 3-0: Called Strike 3-1: Foul Ball, location: 2F 3-2: Foul Ball, location: 2F 3-2: Foul Ball, location: 2F 3-2: Fly out, F9 (Flyball, 9LSF) | Batting: RHB Doug Stephens | 0-0: Called Strike 0-1: Ball 1-1: Ball 2-1: Foul Ball, location: 2F 2-2: DOUBLE (Line Drive, 7LD) | Batting: SHB José Alomar | 0-0: Ball 1-0: Ball 2-0: Ball 3-0: Called Strike 3-1: Foul Ball, location: 2F 3-2: Strikes out swinging | Bottom of the 1st over - 0 runs, 1 hit, 0 errors, 1 left on base; Vista 0 - Chicago 0 | TOP OF THE 2ND |
---|
Vista Panthers batting - Pitching for Chicago Machine : RHP Rod Day | Batting: SHB Juan Castro | 0-0: Ball 1-0: SINGLE (Line Drive, 34D) | Batting: LHB Noriaki Sangi | 0-0: Foul Ball, location: 2F 0-1: Ball 1-1: SINGLE (Groundball, 3) (infield hit) Juan Castro to second | Batting: RHB Griswold Coleman | 0-0: Ball 1-0: Ball 2-0: Foul Ball, location: 2F 2-1: Ball 3-1: Foul Ball, location: 2F 3-2: Fly out, F2 (Popup, 3SF) | Batting: RHB Phil Matthews | 0-0: Called Strike 0-1: Ball 1-1: Ball 2-1: Ball 3-1: Swinging Strike 3-2: Reached on error, E3 (Groundball, 23) Juan Castro to third Noriaki Sangi to second | Batting: RHB Luis Ríos | 0-0: Ball 1-0: Ball 2-0: SINGLE (Flyball, 78S) Juan Castro scores Noriaki Sangi to third Phil Matthews to second | Batting: LHB Francisco Marino | 0-0: GRAND SLAM HOME RUN (Flyball, 9LD), Distance : 364 ft | Batting: LHB Ramiro Martínez | 0-0: Ball 1-0: Swinging Strike 1-1: Ball 2-1: Foul Ball, location: 2F 2-2: Ball 3-2: Strikes out swinging | Batting: RHB Carlos García | 0-0: Ball 1-0: Ball 2-0: Ball 3-0: Base on Balls | Batting: LHB Dante Owens | 0-0: Called Strike 0-1: Called Strike 0-2: Foul Ball, location: 2F 0-2: Ball 1-2: 2-RUN HOME RUN (Flyball, 9LD), Distance : 373 ft | Batting: SHB Juan Castro | 0-0: Ball 1-0: Ball 2-0: Ball 3-0: Called Strike 3-1: Foul Ball, location: 2F 3-2: Base on Balls | Batting: LHB Noriaki Sangi | 0-0: Ball 1-0: Foul Ball, location: 2F 1-1: Ground out 4-3 (Groundball, 4) | Top of the 2nd over - 7 runs, 5 hits, 1 error, 1 left on base; Vista 7 - Chicago 0 | BOTTOM OF THE 2ND |
---|
Chicago Machine batting - Pitching for Vista Panthers : LHP José Hidalgo | Batting: LHB Bernardo Montés | 0-0: Fly out, F7 (Flyball, 7S) | Batting: RHB Pablo Sandoval | 0-0: Foul Ball, location: 2F 0-1: SINGLE (Line Drive, 4D) | Batting: RHB Raúl Bauza | 0-0: Called Strike Pablo Sandoval steals 2nd base 0-1: Ball 1-1: Ball 2-1: Ball 3-1: Called Strike 3-2: Fly out, F7 (Line Drive, 7) | Batting: LHB Héctor Soto | 0-0: Ground out 5-3 (Groundball, 56) | Bottom of the 2nd over - 0 runs, 1 hit, 0 errors, 1 left on base; Vista 7 - Chicago 0 | TOP OF THE 3RD |
---|
Vista Panthers batting - Pitching for Chicago Machine : RHP Rod Day | Batting: RHB Griswold Coleman | 0-0: Ball 1-0: Ball 2-0: Swinging Strike 2-1: SINGLE (Line Drive, 7S) | Batting: RHB Phil Matthews | 0-0: Swinging Strike 0-1: Ball 1-1: Called Strike 1-2: Strikes out swinging | Batting: RHB Luis Ríos | 0-0: DOUBLE (Line Drive, 8RXD) Griswold Coleman to third | Batting: LHB Francisco Marino | 0-0: Ball 1-0: Ball 2-0: SINGLE (Groundball, 4D) Griswold Coleman scores Luis Ríos to third | Batting: LHB Ramiro Martínez | 0-0: Swinging Strike 0-1: Ball 1-1: Called Strike 1-2: Foul Ball, location: 2F 1-2: Grounds into double play, 6-4-3 (Groundball, 6) | Top of the 3rd over - 1 run, 3 hits, 0 errors, 1 left on base; Vista 8 - Chicago 0 | BOTTOM OF THE 3RD |
---|
Chicago Machine batting - Pitching for Vista Panthers : LHP José Hidalgo | Batting: LHB Wally Harris | 0-0: Called Strike 0-1: Ball 1-1: Ball 2-1: Fly out, F8 (Line Drive, 8LD) | Batting: RHB Nick Harris | 0-0: Ball 1-0: Ball 2-0: Called Strike 2-1: SINGLE (Line Drive, 7S) | Batting: RHB Will Lott | 0-0: Called Strike 0-1: Called Strike 0-2: Ball Balk! Nick Harris to second 1-2: Ball Wild Pitch! Nick Harris to third 2-2: Ball 3-2: SINGLE (Groundball, 56D) Nick Harris scores | Batting: RHB Doug Stephens | 0-0: Called Strike 0-1: Ball 1-1: 2-RUN HOME RUN (Line Drive, 7D), Distance : 408 ft | Batting: SHB José Alomar | 0-0: Swinging Strike 0-1: Ball 1-1: Foul Ball, location: 2F 1-2: Strikes out swinging | Batting: LHB Bernardo Montés | 0-0: Called Strike 0-1: Ball 1-1: Ball 2-1: Ball 3-1: Base on Balls | Batting: RHB Pablo Sandoval | 0-0: Called Strike 0-1: Foul Ball, location: 2F 0-2: Ball 1-2: Ground out U3 (Groundball, 34) | Bottom of the 3rd over - 3 runs, 3 hits, 0 errors, 1 left on base; Vista 8 - Chicago 3 | TOP OF THE 4TH |
---|
Vista Panthers batting - Pitching for Chicago Machine : RHP Rod Day | Batting: RHB Carlos García | 0-0: Called Strike 0-1: Ball 1-1: Ground out 3-1 (Groundball, 34S) | Batting: LHB Dante Owens | 0-0: Ball 1-0: Foul Ball, location: 2F 1-1: Ball 2-1: Ball 3-1: Base on Balls | Pitching: RHP Brad Flores | | Batting: SHB Juan Castro | 0-0: Ball 1-0: Ball 2-0: Ball 3-0: Base on Balls Dante Owens to second | Batting: LHB Noriaki Sangi | 0-0: Ball 1-0: Grounds into double play, 4-6-3 (Groundball, 4) | Top of the 4th over - 0 runs, 0 hits, 0 errors, 1 left on base; Vista 8 - Chicago 3 | BOTTOM OF THE 4TH |
---|
Chicago Machine batting - Pitching for Vista Panthers : LHP José Hidalgo | Batting: RHB Raúl Bauza | 0-0: Swinging Strike 0-1: Ball 1-1: Ball 2-1: Ball 3-1: Base on Balls | Batting: LHB Héctor Soto | 0-0: Called Strike 0-1: Foul Ball, location: 2F 0-2: Foul Ball, location: 2F 0-2: Ball 1-2: Strikes out looking | Batting: LHB Wally Harris | 0-0: Called Strike Raúl Bauza steals 2nd base 0-1: Ball 1-1: Ball 2-1: Ball 3-1: Called Strike 3-2: Ground out U3 (Groundball, 3) Raúl Bauza to third | Batting: RHB Nick Harris | 0-0: Foul Ball, location: 2F 0-1: Foul Ball, location: 2F 0-2: Ball 1-2: Ball 2-2: Foul Ball, location: 2F 2-2: Ground out 5-3 (Groundball, 5S) | Bottom of the 4th over - 0 runs, 0 hits, 0 errors, 1 left on base; Vista 8 - Chicago 3 | TOP OF THE 5TH |
---|
Vista Panthers batting - Pitching for Chicago Machine : RHP Brad Flores | Batting: RHB Griswold Coleman | 0-0: Ball 1-0: Foul Ball, location: 2F 1-1: Fly out, F9 (Flyball, 9) | Batting: RHB Phil Matthews | 0-0: Fly out, F7 (Line Drive, 78D) | Batting: RHB Luis Ríos | 0-0: Called Strike 0-1: Swinging Strike 0-2: Foul Ball, location: 2F 0-2: Ball 1-2: Foul Ball, location: 2F 1-2: Ball 2-2: Strikes out swinging | Top of the 5th over - 0 runs, 0 hits, 0 errors, 0 left on base; Vista 8 - Chicago 3 | BOTTOM OF THE 5TH |
---|
Chicago Machine batting - Pitching for Vista Panthers : LHP José Hidalgo | Pitching: RHP Joe Shoemaker | | Batting: RHB Will Lott | 0-0: Called Strike 0-1: Foul Ball, location: 2F 0-2: Ball 1-2: Ball 2-2: Ball 3-2: Strikes out swinging | Batting: RHB Doug Stephens | 0-0: Ball 1-0: Ball 2-0: Ball 3-0: Called Strike 3-1: Called Strike 3-2: Fly out, F9 (Flyball, 89D) | Batting: SHB José Alomar | 0-0: Ball 1-0: Called Strike 1-1: Ball 2-1: Swinging Strike 2-2: Strikes out swinging | Bottom of the 5th over - 0 runs, 0 hits, 0 errors, 0 left on base; Vista 8 - Chicago 3 | TOP OF THE 6TH |
---|
Vista Panthers batting - Pitching for Chicago Machine : RHP Brad Flores | Batting: LHB Francisco Marino | 0-0: Ball 1-0: Swinging Strike 1-1: Called Strike 1-2: Strikes out swinging | Batting: LHB Ramiro Martínez | 0-0: Ball 1-0: Fly out, F4 (Popup, 4D) | Batting: RHB Carlos García | 0-0: Called Strike 0-1: Ball 1-1: Fly out, F4 (Popup, 4M) | Top of the 6th over - 0 runs, 0 hits, 0 errors, 0 left on base; Vista 8 - Chicago 3 | BOTTOM OF THE 6TH |
---|
Chicago Machine batting - Pitching for Vista Panthers : RHP Joe Shoemaker | Batting: LHB Bernardo Montés | 0-0: Ball 1-0: Called Strike 1-1: Fly out, F9 (Flyball, 9D) | Batting: RHB Pablo Sandoval | 0-0: Called Strike 0-1: Ball 1-1: Ball 2-1: Ball 3-1: Called Strike 3-2: Ground out 6-3 (Groundball, 6) | Batting: RHB Raúl Bauza | 0-0: Fly out, F7 (Flyball, 78S) | Bottom of the 6th over - 0 runs, 0 hits, 0 errors, 0 left on base; Vista 8 - Chicago 3 | TOP OF THE 7TH |
---|
Vista Panthers batting - Pitching for Chicago Machine : RHP Brad Flores | Batting: LHB Dante Owens | 0-0: Ball 1-0: Ball 2-0: Called Strike 2-1: Swinging Strike 2-2: Ball 3-2: Foul Ball, location: 2F 3-2: Fly out, F2 (Popup, 2LF) | Batting: SHB Juan Castro | 0-0: Ball 1-0: Fly out, F2 (Popup, 15S) | Batting: LHB Noriaki Sangi | 0-0: Foul Ball, location: 2F 0-1: DOUBLE (Line Drive, 8RD) | Batting: RHB Griswold Coleman | 0-0: Called Strike 0-1: Called Strike 0-2: Strikes out looking | Top of the 7th over - 0 runs, 1 hit, 0 errors, 1 left on base; Vista 8 - Chicago 3 | BOTTOM OF THE 7TH |
---|
Chicago Machine batting - Pitching for Vista Panthers : RHP Joe Shoemaker | Batting: LHB Héctor Soto | 0-0: Ground out 6-3 (Groundball, 6) | Batting: LHB Wally Harris | 0-0: SINGLE (Flyball, 9S) | Batting: RHB Nick Harris | 0-0: Ball 1-0: Ball 2-0: Called Strike 2-1: Foul Ball, location: 2F 2-2: Ball 3-2: Fielders Choice at 2nd, 5-4 (Groundball, 56) | Batting: RHB Will Lott | 0-0: Ball 1-0: Ball 2-0: SINGLE (Flyball, 7LS) Nick Harris to second | Batting: RHB Doug Stephens | 0-0: Foul Ball, location: 2F 0-1: Fly out, F8 (Flyball, 8RS) | Bottom of the 7th over - 0 runs, 2 hits, 0 errors, 2 left on base; Vista 8 - Chicago 3 | TOP OF THE 8TH |
---|
Vista Panthers batting - Pitching for Chicago Machine : RHP Brad Flores | Batting: RHB Phil Matthews | 0-0: SINGLE (Groundball, 56D) | Pitching: RHP Garrett Bell | | Batting: RHB Luis Ríos | 0-0: Swinging Strike 0-1: Called Strike 0-2: SINGLE (Groundball, 4S) (infield hit) Phil Matthews to second | Batting: LHB Francisco Marino | 0-0: Called Strike 0-1: Grounds into double play, 4-6-3 (Groundball, 4) Phil Matthews to third | Batting: LHB Ramiro Martínez | 0-0: Called Strike 0-1: Foul Ball, location: 2F 0-2: Strikes out swinging | Top of the 8th over - 0 runs, 2 hits, 0 errors, 1 left on base; Vista 8 - Chicago 3 | BOTTOM OF THE 8TH |
---|
Chicago Machine batting - Pitching for Vista Panthers : RHP Joe Shoemaker | Batting: SHB José Alomar | 0-0: Called Strike 0-1: Ball 1-1: Foul Ball, location: 2F 1-2: Ground out 3-1 (Groundball, 34) | Batting: LHB Bernardo Montés | 0-0: Ball 1-0: Foul Ball, location: 2F 1-1: Ground out 4-3 (Groundball, 4) | Batting: RHB Pablo Sandoval | 0-0: Ball 1-0: Foul Ball, location: 2F 1-1: SINGLE (Groundball, 25) (infield hit) | Batting: RHB Raúl Bauza | 0-0: Swinging Strike 0-1: Ball 1-1: Ball 2-1: Fly out, F3 (Popup, 3F) | Bottom of the 8th over - 0 runs, 1 hit, 0 errors, 1 left on base; Vista 8 - Chicago 3 | TOP OF THE 9TH |
---|
Vista Panthers batting - Pitching for Chicago Machine : RHP Garrett Bell | Pitching: RHP Víctor Reyes | | Batting: RHB Carlos García | 0-0: Ball 1-0: Foul Ball, location: 2F 1-1: Fly out, F9 (Line Drive, 9D) | Batting: LHB Dante Owens | 0-0: Called Strike 0-1: Ball 1-1: Ball 2-1: Swinging Strike 2-2: Strikes out looking | Batting: SHB Juan Castro | 0-0: Called Strike 0-1: Foul Ball, location: 2F 0-2: Ball 1-2: Strikes out swinging | Top of the 9th over - 0 runs, 0 hits, 0 errors, 0 left on base; Vista 8 - Chicago 3 | BOTTOM OF THE 9TH |
---|
Chicago Machine batting - Pitching for Vista Panthers : RHP Joe Shoemaker | Batting: LHB Héctor Soto | 0-0: Called Strike 0-1: Swinging Strike 0-2: Foul Ball, location: 2F 0-2: SOLO HOME RUN (Flyball, 9LD), Distance : 418 ft | Batting: LHB Wally Harris | 0-0: Ground out 5-3 (Groundball, 5) | Batting: RHB Nick Harris | 0-0: Ball 1-0: Ball 2-0: Ball 3-0: SINGLE (Groundball, 6MD) | Pitching: LHP António Martínez | | Batting: RHB Will Lott | 0-0: Ball 1-0: Ball 2-0: DOUBLE (Flyball, 8LXD) Nick Harris to third | Pitching: RHP David Simpson | | Batting: RHB Doug Stephens | 0-0: Ball 1-0: Foul Ball, location: 2F 1-1: Called Strike 1-2: SINGLE (Line Drive, 9S) Nick Harris scores Will Lott to third | Batting: SHB José Alomar | 0-0: Ball 1-0: Ball 2-0: SINGLE (Line Drive, 6M) Will Lott scores Doug Stephens to second | Batting: LHB Bernardo Montés | 0-0: Ball 1-0: Called Strike 1-1: Fielders Choice at 2nd, 3-6 (Groundball, 3) Doug Stephens to third | Pinch Hitting: SHB Clint Woods | 0-0: Ball 1-0: Foul Ball, location: 2F 1-1: Ground out 4-3 (Groundball, 4D) | Bottom of the 9th over - 3 runs, 5 hits, 0 errors, 2 left on base; Vista 8 - Chicago 6 | |